 Dungeon Crawl Stone Soup version bcrawl-1.19.1 (webtiles) character file.

Game seed: 12924805548909582721

7 Niddhogr the Stinger (level 1, 0/13 HPs)
             Began as a Demonspawn Venom Mage on Dec 1, 2019.
             Slain by a giant cockroach (1 damage)
             ... on level 1 of the Dungeon.
             The game lasted 00:01:01 (122 turns).

Niddhogr the Stinger (Demonspawn Venom Mage)         Turns: 122, Time: 00:01:02

Health: 0/13       AC:  2    Str:  8    XL:     1   Next: 91%
Magic:  0/3        EV: 12    Int: 16    God:
Gold:   34         SH:  0    Dex: 13    Spells: 3/4 levels left

rFire    . . .     SeeInvis .   e - +0 dagger
rCold    . . .     Gourm    .   (no shield)
rNeg     . . .     Faith    .   a - +0 robe
rPois    .         Spirit   .   (no helmet)
rElec    .         Reflect  .   (no cloak)
rCorr    .         Harm     .   (no gloves)
MR       .....                  (no boots)
Stlth    ++........             (no amulet)
HPRegen  0.04/turn              (no ring)
MPRegen  0.08/turn              (no ring)

@: no status effects
A: no striking features
a: no special abilities


You were on level 1 of the Dungeon.
You were not hungry.

You visited 1 branch of the dungeon, and saw 1 of its levels.

You collected 34 gold pieces.

Inventory:

Hand Weapons
 e - a +0 dagger (weapon)
Armour
 a - a +0 robe (worn)
Scrolls
 b - 3 scrolls of teleportation {unknown}
Potions
 c - a potion of berserk rage {!q}
 d - a potion of degeneration {!q}
Comestibles
 f - a ration {!d}


   Skills:
 - Level 1.7 Dodging
 - Level 2.0 Stealth
 - Level 2.0 Spellcasting
 - Level 1.0 Conjurations
 + Level 3.5 Poison Magic


You had 3 spell levels left.
You knew the following spells:

 Your Spells              Type           Power        Failure   Level  Hunger
a - Sting                 Conj/Pois      #...         9%          1    #......

Your spell library contained the following spells:

 Spells                   Type           Power        Failure   Level  Hunger
 Poisonous Vapours        Pois/Air       #.....       16%         2    ###....
 Ignite Poison            Fire/Tmut/Pois #.......     36%         3    ###....
 Olgreb's Toxic Radiance  Pois           ##......     43%         4    #####..
 Summon Scorpions         Summ/Pois      #.......     69%         4    #####..
 Venom Bolt               Conj/Pois      #.........   92%         5    ######.


Dungeon Overview and Level Annotations

Branches:
Dungeon (1/12)

Altars:


Message History

The sting hits the bat.
The bat is poisoned.
The bat hits you but does no damage. The bat completely misses you.
You now have 1/3 mp.
The bat barely misses you. The bat closely misses you.
You kill the bat!
Aim: a giant cockroach (clinging)
The sting misses the giant cockroach.
The sting hits the kobold.
The kobold is poisoned.
* * * LOW MAGIC WARNING * * *
You kill the kobold!
The giant cockroach barely misses you.
You now have 0/3 mp.
The giant cockroach barely misses you.
The giant cockroach bites you but does no damage.
Aim: a giant cockroach The sting hits the giant cockroach.
The giant cockroach appears unharmed.
* * * LOW MAGIC WARNING * * *
The giant cockroach bites you.
You die...

#############
#≈≈≈≈≈≈≈≈≈≈≈#
#≈≈≈≈≈≈≈≈≈≈≈#
#≈≈≈....≈≈≈≈#
#≈≈≈≈...≈.≈≈#
#≈≈≈.....≈≈≈#
#≈≈..s≈...≈≈#.....##.
#≈≈.@.≈gK.≈≈#........
#≈...≈≈≈...≈#........
#≈..≈≈≈.≈..≈#........
#..≈≈<≈≈K...#........
#....≈≈≈≈..##........
#..≈≈≈≈≈≈≈.##........
#.≈≈.≈≈≈≈≈).#........
#..≈≈.≈..≈≈.#......##
#...≈.≈.≈≈≈.#g.....#.


You could see a giant cockroach, a hobgoblin and 2 kobolds.

Levels and vault maps discovered:
D:1:      dpeg_arrival_more_subterranean_lakeside_camping, layout_basic,
          feat_on_display

Notes
Turn   | Place    | Note
-------+----------+-------------------------------------------
     0 | D:1      | Niddhogr the Demonspawn Venom Mage began the quest for the
                  | Orb.
     0 | D:1      | Reached XP level 1. HP: 13/13 MP: 3/3
    45 | D:1      | Identified a +0 club
    77 | D:1      | Identified a +0 dagger
    83 | D:1      | Identified a cursed -2 short sword
    87 | D:1      | Identified a +0 club
    96 | D:1      | HP: 2/13 [goblin/+0 club (6)]
    99 | D:1      | Identified a +0 club
   122 | D:1      | Slain by a giant cockroach

Table legend:
 A = Turns spent in this place as a percentage of turns spent in the entire game.
 B = Non-inter-level travel turns spent in this place as a percentage of non-inter-level travel turns spent in the entire game.
 C = Inter-level travel turns spent in this place as a percentage of turns spent in this place.
 D = Turns resting spent in this place as a percentage of non-inter-level travel turns spent in this place.
 E = Turns spent auto-exploring this place as a percentage of non-inter-level travel turns spent in this place.
 F = Non-inter-level travel turns spent in this place divided by the number of levels of this place that you've seen.
                   A       B       C       D       E      F
               +-------+-------+-------+-------+-------+----------------------
         Total | 100.0 | 100.0 |   0.0 |   0.0 |  53.3 | 122.0
       Dungeon | 100.0 | 100.0 |   0.0 |   0.0 |  53.3 | 122.0
               +-------+-------+-------+-------+-------+----------------------

Table legend:
 A = Kills in this place as a percentage of kills in entire the game.
 B = Kills by you in this place as a percentage of kills by you in the entire game.
 C = Kills by friends in this place as a percentage of kills by friends in the entire game.
 D = Other kills in this place as a percentage of other kills in the entire game.
 E = Experience gained in this place as a percentage of experience gained in the entire game.
 F = Experience gained in this place divided by the number of levels of this place that you have seen.
                   A       B       C       D       E      F
               +-------+-------+-------+-------+-------+----------------------
         Total | 100.0 | 100.0 |   N/A |   N/A | 100.0 |  11.0
       Dungeon | 100.0 | 100.0 |   N/A |   N/A | 100.0 |  11.0
               +-------+-------+-------+-------+-------+----------------------

Action                   || total
-------------------------++-------
 Cast: Sting             ||     8
Armor: Robe              ||    12
Dodge: Dodged            ||    22

Vanquished Creatures
  A ball python (D:1)
  A bat (D:1)
  A giant cockroach (D:1)
  A frilled lizard (D:1)
  2 goblins (D:1)
  A kobold (D:1)
7 creatures vanquished.
